 Dungeon Crawl Stone Soup version 0.28.0-53-g5a82cb258f (webtiles) character file.

Game seed: 7293870952000566565

387 styxcanada the Covert (level 6, -6/30 HPs)
             Began as a Spriggan Brigand on Aug 10, 2022.
             Mangled by Duvessa
             ... wielding a +0 short sword
              (18 damage)
             ... on level 4 of the Dungeon.
             The game lasted 00:15:54 (3146 turns).

styxcanada the Covert (Spriggan Brigand)            Turns: 3146, Time: 00:15:54

Health: -6/30      AC:  3    Str:  7    XL:     6   Next: 49%
Magic:  10/10      EV: 19    Int: 10    God:
Gold:   144        SH:  0    Dex: 25    Spells: 8/9 levels left

rFire   . . .      SeeInvis +   q - +3 dagger
rCold   . . .      Faith    .   (no shield)
rNeg    . . .      Spirit   .   b - +0 robe
rPois   .          Reflect  .   (helmet restricted)
rElec   .          Harm     .   c - +0 cloak
rCorr   .          Rampage  .   (gloves unavailable)
Will    +....                   (boots unavailable)
Stlth   +++++.....              f - amulet of regeneration
HPRegen 0.90/turn               m - +6 ring of dexterity
MPRegen 0.12/turn               (no ring)

@: very quick
A: very small, no large weapons, unfitting armour, see invisible, speed 3, dopey
1
a: no special abilities


You were on level 4 of the Dungeon.
You visited 1 branch of the dungeon, and saw 4 of its levels.

You collected 144 gold pieces.

Inventory:

Hand Weapons
 a - a +2 dagger
 q - a +3 dagger (weapon)
Missiles
 d - 3 poisoned darts (quivered)
 e - a throwing net
 g - a curare-tipped dart
 k - 101 stones
 o - 3 boomerangs
Armour
 b - a +0 robe (worn)
 c - a +0 cloak (worn)
Jewellery
 f - an amulet of regeneration (around neck)
 m - a +6 ring of dexterity (left hand)
Scrolls
 h - a scroll of fear
 i - a scroll of enchant weapon {unknown}
 j - a scroll of fog {unknown}
 n - 3 scrolls of teleportation {unknown}
 s - a scroll of magic mapping {unknown}
Potions
 p - a potion of curing
 r - a potion of invisibility
 t - a potion of flight {unknown}
 u - a potion of heal wounds {unknown}


   Skills:
 * Level 2.2 Fighting
 + Level 3.4 Short Blades
 + Level 2.3 Throwing
 * Level 3.1 Dodging
 * Level 8.5 Stealth
 * Level 2.1 Spellcasting
 * Level 1.1 Conjurations
 * Level 1.5 Air Magic


You had 8 spell levels left.
You knew the following spells:

 Your Spells              Type           Power      Damage    Failure   Level
a - Shock                 Conj/Air       12%        1d3       19%         1

Your spell library contained the following spells:

 Spells                   Type           Power      Damage    Failure   Level
 Animate Skeleton         Necr           2%         N/A       30%         1
 Pain                     Necr           4%         1d4       30%         1
 Swiftness                Air            4%         N/A       45%         3
 Vampiric Draining        Necr           1%         2d6       67%         3
 Airstrike                Air            2%         N/A       86%         4


Dungeon Overview and Level Annotations

Branches:
Dungeon (4/15)
 Temple: D:4-7

Altars:
The Shining One

Annotations:
D:4 Duvessa, Natasha


Innate Abilities, Weirdness & Mutations

You are very small and have problems with some larger weapons.
You are too small for most types of armour.
You have supernaturally acute eyesight. (SInv)
You cover ground extremely quickly. (Speed+++)
You are dopey. (Int -2)


Message History

Dowan points at you and mumbles some strange words.
The puff of frost misses you.
You closely miss Dowan.
Dowan is severely wounded.
Dowan casts a spell.
Dowan blinks!
Dowan gestures at you while chanting. The puff of flame hits you!
Duvessa shouts!
You hit Dowan.
You kill Dowan!
Duvessa screams in rage.
Duvessa goes berserk!
Things that are here:
a +0 dagger; a +1 robe of fire resistance; the elf corpse of Dowan You hear a shout!
Duvessa rages.
Duvessa rages.
There is a stone staircase leading up here.
You climb upwards.
There is a stone staircase leading down, spattered with blood here.
You start resting.
Magic restored.
You climb downwards.
Level annotation: Duvessa, Natasha Duvessa barely misses you.
Duvessa hits you with a +0 short sword!
There is a stone staircase leading up, spattered with blood here.
You hit Duvessa.
Duvessa is lightly wounded.
Duvessa hits you but does no damage.
You hit Duvessa but do no damage.
Duvessa is lightly wounded.
Duvessa hits you with a +0 short sword! Duvessa closely misses you.
You hit Duvessa but do no damage.
Duvessa is lightly wounded.
Duvessa hits you with a +0 short sword!
You hit Duvessa but do no damage.
Duvessa is lightly wounded.
Duvessa hits you with a +0 short sword!!
Ouch! That really hurt!
You die...

##..........)....#####... *
#............##..#.##...
.#.............[)........
.............)..#..#.#...
#............รท..##.####..
##.................# #..# , *,
#................5.# #... ....
#.....e........####.#. #...##
##...@......)..#....#.
#....h######.......##.#......)[.
*#......##.......#..###.........
#...#.......#..##..##...##.....
....#.............####..#......
#..............# #..#....>.
#............#.####.........
####.....###.#.##.#.........
##....##.................


You could see Duvessa (berserk).

Vanquished Creatures
  An ogre (D:4)
  Dowan (D:4)
  A hound (D:3)
  An iguana (D:4)
  Natasha (D:4)
  Robin (D:2)
  6 gnolls (D:4)
  2 adders
  An adder skeleton (D:4)
  2 dart slugs (D:1)
  6 orcs (D:3)
  4 ball pythons
  2 bats (D:3)
  6 endoplasms
  4 giant cockroaches
  13 goblins
  9 hobgoblins
  5 jackals (D:3)
  4 quokkas
  2 frilled lizards
  2 kobolds
  5 rats
79 creatures vanquished.

Notes
Turn   | Place    | Note
-------+----------+-------------------------------------------
     0 | D:1      | styxcanada the Spriggan Brigand began the quest for the
                  | Orb.
     0 | D:1      | Reached XP level 1. HP: 10/10 MP: 2/2
   265 | D:1      | Reached skill level 6 in Stealth
   335 | D:1      | Reached XP level 2. HP: 15/15 MP: 3/3
   505 | D:1      | Found a faded altar of an unknown god.
   544 | D:1      | Learned a level 1 spell: Shock
   818 | D:2      | Noticed Robin
   831 | D:2      | Reached skill level 7 in Stealth
   831 | D:2      | Reached XP level 3. HP: 18/18 MP: 5/5
  1234 | D:2      | Killed Robin
  1235 | D:2      | Reached skill level 1 in Spellcasting
  1578 | D:2      | Found a glowing golden altar of the Shining One.
  1616 | D:2      | Reached XP level 4. HP: 23/23 MP: 6/6
  2540 | D:4      | Noticed an ogre
  2557 | D:4      | Noticed Dowan
  2560 | D:4      | Noticed Duvessa
  2582 | D:4      | Noticed Natasha
  2608 | D:3      | Reached XP level 5. HP: 21/26 MP: 7/7
  2642 | D:4      | Gained mutation: You passively map a small area around you.
                  | [potion of mutation]
  2642 | D:4      | Gained mutation: You are dopey. (Int -2) [potion of
                  | mutation]
  2642 | D:4      | Gained mutation: You possess an exceptional clarity of
                  | mind. [potion of mutation]
  2643 | D:4      | Lost mutation: You passively map a small area around you.
                  | [potion of mutation]
  2643 | D:4      | Lost mutation: You possess an exceptional clarity of mind.
                  | [potion of mutation]
  2643 | D:4      | Gained mutation: You are resistant to electric shocks.
                  | (rElec) [potion of mutation]
  2643 | D:4      | Lost mutation: You are resistant to electric shocks.
                  | (rElec) [potion of mutation]
  2662 | D:4      | Reached skill level 1 in Air Magic
  2664 | D:4      | Killed an ogre
  2665 | D:4      | Reached skill level 8 in Stealth
  2679 | D:4      | Killed Natasha
  2680 | D:4      | Reached skill level 1 in Conjurations
  2680 | D:4      | Reached XP level 6. HP: 18/30 MP: 7/9
  2687 | D:4      | Noticed Natasha
  3124 | D:4      | Killed Dowan
  3146 | D:4      | Mangled by Duvessa

Illustrated notes

Levels and vault maps discovered:
D:1:      onia_arrival_pyramid, layout_loops_cross,
          shapermc_ecumenical_altar_mp_vishouse
D:2:      layout_basic, basic_altar, uniq_robin
D:3:      layout_rooms, kennysheep_cluttered_room
D:4:      layout_cave_pools, uniq_natasha, uniq_duvessa

Skill      XL: |  1  2  3  4  5  6 |
---------------+-------------------+-----
Stealth        | 6 7 8 |  8.5
Dodging        | 2 3 |  3.1
Spellcasting   | 1 2 |  2.1
Short Blades   | 3 |  3.4
Fighting       | 2 |  2.2
Air Magic      | 1 |  1.5
Conjurations   | 1 |  1.1
Throwing       | |  2.3

Action                   |  1- 3 |  4- 6 || total
-------------------------+-------+-------++-------
Melee: Dagger            |   102 |   155 ||   257
       Punch             |     1 |     2 ||     3
Throw: Dart              |    13 |    18 ||    31
       Stone             |     1 |     3 ||     4
 Cast: Shock             |       |     6 ||     6
  Use: Scroll            |       |     5 ||     5
       Potion            |       |     3 ||     3
 Stab: Sleeping          |     8 |     6 ||    14
       Distracted        |       |     2 ||     2
       Invisible         |       |     7 ||     7
Armor: Robe              |     9 |    20 ||    29
Dodge: Dodged            |    48 |   150 ||   198
